 Dungeon Crawl Stone Soup version 0.28.0-53-g5a82cb258f (webtiles) character file.

Game seed: 9219119966915435150

2522 scsoc the Protected (level 9, -1/78 HPs)
             Began as a Minotaur Fighter on Aug 7, 2022.
             Was an Initiate of Qazlal.
             Slain by a gargoyle
             ... wielding a +0 flail of holy wrath
              (5 damage)
             ... on level 7 of the Dungeon.
             The game lasted 00:11:56 (6584 turns).

scsoc the Protected (Minotaur Fighter)              Turns: 6584, Time: 00:11:56

Health: -1/78      AC: 11    Str: 24    XL:     9   Next: 29%
Magic:  8/8        EV: 10    Int:  5    God:    Qazlal [......]
Gold:   333        SH:  5    Dex: 11    Spells: 8/8 levels left

rFire   + . .      SeeInvis .   m - +8 spear of Moral Flaws {freeze, rCorr}
rCold   . . .      Faith    .   c - +0 buckler
rNeg    . . .      Spirit   .   g - +0 scale mail {rF+}
rPois   .          Reflect  .   (helmet restricted)
rElec   .          Harm     .   f - +1 cloak
rCorr   +          Rampage  .   r - +0 pair of gloves
Will    .....                   (no boots)
Stlth   ..........              (no amulet)
HPRegen 0.23/turn               (no ring)
MPRegen 0.11/turn               (no ring)

@: no status effects
A: horns 2, retaliatory headbutt
a: Renounce Religion


You were on level 7 of the Dungeon.
You worshipped Qazlal.
Qazlal was noncommittal.
You visited 1 branch of the dungeon, and saw 7 of its levels.

You collected 333 gold pieces.

Inventory:

Hand Weapons
 a - a +0 war axe of electrocution
 m - the +8 spear of Moral Flaws (weapon) {freeze, rCorr}
   (You found it on level 3 of the Dungeon)

   It freezes those it strikes, dealing additional cold damage.
   It can also slow down cold-blooded creatures.
   rCorr:     It protects you from acid and corrosion.
Armour
 b - a +0 scale mail
 c - a +0 buckler (worn)
 f - a +1 cloak (worn)
 g - a +0 scale mail of fire resistance (worn)
 n - a scarf of harm
 r - a +0 pair of gloves (worn)
Jewellery
 i - a ring of wizardry
 v - an amulet of magic regeneration
Wands
 q - a wand of digging (14)
Scrolls
 j - a scroll of holy word
 l - a scroll of magic mapping
 p - a scroll of silence
 t - 2 scrolls of blinking
Potions
 d - 2 potions of might
 e - 2 potions of attraction
 h - 4 potions of flight
 k - 2 potions of resistance
 o - 2 potions of heal wounds
 s - a potion of magic
 u - a potion of lignification {unknown}


   Skills:
 + Level 6.7 Fighting
 + Level 6.4(8.2) Axes
 + Level 8.0(9.0) Polearms
 + Level 8.1 Armour
 + Level 3.3 Dodging
 + Level 2.1 Stealth
 + Level 5.3 Shields


You had 8 spell levels left.
You didn't know any spells.
Your spell library contained the following spells:

 Spells                   Type           Power      Damage    Failure   Level
 Corpse Rot               Necr/Air       0%         N/A       92%         2
 Poisonous Vapours        Pois/Air       0%         N/A       92%         2
 Summon Guardian Golem    Hex/Summ       0%         N/A       99%         3
 Orb of Destruction       Conj           0%         9d5       100%        7
 Spellforged Servitor     Conj/Summ      0%         N/A       100%        7


Dungeon Overview and Level Annotations

Branches:
Dungeon (7/15)             Temple (0/1) D:7

Altars:
Makhleb
Okawaru
Qazlal
Sif Muna
Trog
Zin


Innate Abilities, Weirdness & Mutations

You have a pair of horns on your head.
You reflexively headbutt those who attack you in melee.


Message History

A shadow imp opens the door.
You barely miss the gargoyle.
The gargoyle hits you with a +0 flail of holy wrath!
You hit the gargoyle but do no damage.
The gargoyle hurls a stone arrow at you.
The stone arrow hits you!
You hit the gargoyle but do no damage.
You headbutt the gargoyle, but do no damage.
You barely miss the gargoyle. The gargoyle barely misses you.
You puncture the gargoyle! You freeze the gargoyle.
The gargoyle is moderately damaged.
The gargoyle closely misses you.
You hit the gargoyle but do no damage.
The gargoyle is moderately damaged.
The shadow imp hits you but does no damage.
You hit the gargoyle but do no damage.
The gargoyle is moderately damaged.
The gargoyle hits you with a +0 flail of holy wrath!
The shadow imp grins evilly.
The shadow imp hits you.
You hit the gargoyle but do no damage.
You headbutt the gargoyle, but do no damage.
The gargoyle is moderately damaged.
The gargoyle hurls a stone arrow at you.
The stone arrow hits you!!
* * * LOW HITPOINT WARNING * * *
You barely miss the gargoyle.
You headbutt the gargoyle, but do no damage.
The gargoyle is moderately damaged.
The shadow imp gestures at you. Pain shoots through your body!
* * * LOW HITPOINT WARNING * * *
You block the gargoyle's attack.
You hit the gargoyle. You freeze the gargoyle.
The gargoyle is heavily damaged.
The shadow imp hits you but does no damage.
You puncture the gargoyle! You freeze the gargoyle.
The gargoyle is almost destroyed.
The gargoyle hits you with a +0 flail of holy wrath.
You die...

#....#...# #....#...#
#....#...# #....#...#
########....#†..#
##.....9.....'...#
.$.......###.....##
......)..##...#95.##
.............###@..###...
......)..................
...........#.).).#.......
..........##.._..##......
.########..#.).).#.......
#.............#####+###
#....###...##.##......#
#.....#.....#.##......###
##.#........# ##.......#.


You could see a gargoyle and a shadow imp.

Vanquished Creatures
  Prince Ribbit (D:7)
  A hornet (D:7)
  A water moccasin (D:4)
  3 ice beasts
  2 orc warriors
  A black bear (D:6)
  2 ogres
  4 phantoms
  A centaur (D:5)
  4 bullfrogs
  2 scorpions
  A water moccasin zombie (D:6)
  A wyvern skeleton (D:7)
  A centaur zombie (D:6)
  2 jellies
  2 orc priests (D:6)
  Crazy Yiuf (D:6)
  Jessica (D:2)
  2 iguanas
  3 gnolls (D:2)
  A howler monkey skeleton (D:5)
  6 adders
  2 white imps (D:6)
  An ufetubus (D:3)
  2 adder skeletons (D:4)
  A worm (D:3)
  2 dart slugs (D:3)
  12 orcs
  5 ball pythons
  5 endoplasms
  2 giant cockroaches
  4 goblins
  3 hobgoblins
  4 jackals (D:4)
  6 quokkas
  2 bats
  5 frilled lizards
  7 kobolds
  7 rats
113 creatures vanquished.

Vanquished Creatures (others)
  2 plants (D:3)
2 creatures vanquished.

Grand Total: 115 creatures vanquished

Notes
Turn   | Place    | Note
-------+----------+-------------------------------------------
     0 | D:1      | scsoc the Minotaur Fighter began the quest for the Orb.
     0 | D:1      | Reached XP level 1. HP: 19/19 MP: 0/0
   120 | D:1      | Reached XP level 2. HP: 25/27 MP: 1/1
   633 | D:2      | Reached XP level 3. HP: 27/33 MP: 2/2
  1148 | D:2      | Noticed Jessica
  1149 | D:2      | Killed Jessica
  1150 | D:2      | Reached XP level 4. HP: 40/40 MP: 3/3
  1166 | D:2      | Found a bloodstained altar of Trog.
  1636 | D:3      | Found a glowing silver altar of Zin.
  1639 | D:3      | Found a shimmering blue altar of Sif Muna.
  2174 | D:3      | Found a burning altar of Makhleb.
  2174 | D:3      | Found a bloodstained altar of Trog.
  2229 | D:3      | Reached XP level 5. HP: 47/47 MP: 4/4
  2293 | D:3      | Identified the +8 spear of Moral Flaws {freeze, rCorr}
  2435 | D:4      | Noticed a water moccasin
  2447 | D:4      | Killed a water moccasin
  2448 | D:4      | Reached skill level 5 in Armour
  2768 | D:4      | Reached skill level 5 in Axes
  2768 | D:4      | Reached XP level 6. HP: 39/53 MP: 5/5
  2940 | D:4      | Reached skill level 1 in Stealth
  3019 | D:4      | Reached skill level 1 in Dodging
  3271 | D:4      | Reached skill level 5 in Fighting
  3529 | D:5      | Entered Level 5 of the Dungeon
  3584 | D:5      | Reached skill level 1 in Polearms
  3584 | D:5      | Reached XP level 7. HP: 60/61 MP: 6/6
  4662 | D:6      | Reached XP level 8. HP: 64/69 MP: 7/7
  4802 | D:6      | Reached skill level 5 in Polearms
  5411 | D:6      | Found a stormy altar of Qazlal.
  5421 | D:6      | Became a worshipper of Qazlal Stormbringer
  5481 | D:6      | Found a runed translucent door.
  5482 | D:6      | Noticed Crazy Yiuf
  5488 | D:6      | Killed Crazy Yiuf
  5489 | D:6      | Reached skill level 5 in Shields
  6050 | D:7      | Found a staircase to the Ecumenical Temple.
  6158 | D:7      | Reached XP level 9. HP: 58/77 MP: 8/8
  6364 | D:7      | Found an iron altar of Okawaru.
  6439 | D:7      | Noticed Prince Ribbit
  6446 | D:7      | Killed Prince Ribbit
  6558 | D:7      | Noticed a gargoyle
  6584 | D:7      | Slain by a gargoyle

Illustrated notes

Levels and vault maps discovered:
D:1:      eino_arrival_druids_welcome, layout_rooms
D:2:      layout_loops_corners, basic_altar, uniq_jessica
D:3:      layout_rooms, nicolae_overflow_squiral,
          gammafunk_temple_overflow_statue, serial_bayou, serial_bayou_shore_a,
          serial_bayou_ford_a, serial_bayou_pond_b, serial_bayou_crossing,
          serial_bayou_lagoon_a, serial_bayou_pond_d, supply_closet_lemuel
D:4:      layout_basic, palyth_stone_intersect, minmay_bisected
D:5:      layout_loops_ring
D:6:      layout_loops_ring, lemuel_tele_altar, lightli_minifort,
          uniq_crazy_yiuf_cottage
D:7:      layout_basic, beargit_hepliaklqana_dungeon_heroes,
          okawaru_ov_weapons_minmay, minmay_temple_entry_gardened_gates,
          enter_bailey_3, uniq_prince_ribbit1, uniq_duvessa

Skill      XL: |  1  2  3  4  5  6  7  8  9 |
---------------+----------------------------+-----
Armour         | 4 5 6 7 8 |  8.1
Fighting       | 4 5 6 |  6.7
Axes           | 3 4 5 6 |  6.4
Shields        | 4 5 |  5.3
Stealth        | 1 2 |  2.1
Dodging        | 1 3 |  3.3
Polearms       | 1 3 7 8 |  8.0

Action                   |  1- 3 |  4- 6 |  7- 9 || total
-------------------------+-------+-------+-------++-------
Melee: War axe           |    52 |    48 |       ||   100
       Headbutt          |     7 |    13 |    23 ||    43
       Spear             |       |    47 |   147 ||   194
  Use: Scroll            |     3 |     5 |     6 ||    14
Armor: Scale mail        |    25 |    39 |    45 ||   109
Dodge: Dodged            |    25 |    35 |    59 ||   119
Block: Buckler           |    12 |    15 |    20 ||    47
